 Dungeon Crawl Stone Soup version 0.19.5 (webtiles) character file.

4314 rastarmy the Fighter (level 10, -8/96 HPs)
             Began as a Pale Draconian Berserker on Apr 5, 2017.
             Was a High Priest of Trog.
             Mangled by an orc warrior
             ... wielding a +0 halberd
              (16 damage)
             ... on level 6 of the Dungeon on Apr 6, 2017.
             The game lasted 01:09:42 (10315 turns).

rastarmy the Fighter (Pale Draconian Berserker)    Turns: 10315, Time: 01:09:43

Health: -8/96      AC:  8    Str: 20    XL:     10   Next: 11%
Magic:  10/10      EV: 13    Int:  8    God:    Trog [*****.]
Gold:   390        SH:  0    Dex: 13    Spells: 0 memorised, 9 levels left

rFire  . . .     SeeInvis .     a - +0 hand axe
rCold  . . .     Gourm    .     (armour unavailable)
rNeg   . . .     Faith    .     (no shield)
rPois  .         Spirit   .     (helmet restricted)
rElec  .         Reflect  .     (no cloak)
rCorr  .         Harm     .     (no gloves)
MR     +....                    n - +0 pair of boots
Stlth  +.........               (no amulet)
                                (no ring)
                                g - ring of protection from magic

@: exhausted, about to teleport, slowed, very slow
A: breathe steam, unfitting armour, cold-blooded, AC +7
a: Breathe Steam, Berserk, Trog's Hand, Brothers in Arms, Burn Spellbooks,
Renounce Religion


You were on level 6 of the Dungeon.
You worshipped Trog.
Trog was extremely pleased with you.
You were hungry.

You visited 1 branch of the dungeon, and saw 8 of its levels.

You collected 390 gold pieces.

Inventory:

Hand Weapons
 a - a +0 hand axe (weapon)
Armour
 n - a +0 pair of boots (worn)
Jewellery
 g - a ring of protection from magic (left hand)
 y - an uncursed ring of positive energy {unknown}
Wands
 b - a wand of iceblast (10/15)
 s - a wand of teleportation (7/9)
Scrolls
 c - 5 scrolls of amnesia {unknown}
 d - 3 scrolls of fog
 f - 8 scrolls of identify
 h - a scroll of noise {unknown}
 i - a scroll of fear
 j - a scroll of teleportation
 l - 4 scrolls of enchant weapon {unknown}
 m - 2 scrolls of immolation {unknown}
 o - a scroll of magic mapping {unknown}
 q - 3 scrolls of remove curse
 v - a scroll of random uselessness {unknown}
 E - a scroll of silence {unknown}
Potions
 e - 3 potions of curing {unknown}
 k - a potion of might
 p - 3 potions of ambrosia {unknown}
 t - 4 potions of heal wounds {unknown}
 u - a potion of flight {unknown}
 w - a potion of invisibility {unknown}
 x - 2 potions of agility {unknown}
 z - a potion of haste {unknown}
 A - a potion of lignification {unknown}
 C - a potion of cure mutation {unknown}
Comestibles
 r - 7 fruits
 B - 3 slices of pizza
 D - 9 royal jellies
 F - a meat ration
 G - 3 beef jerkies
 H - 2 chunks of flesh


   Skills:
 + Level 11.6 Fighting
 + Level 10.5 Axes
 + Level 3.6 Dodging


You had 9 spell levels left.
You didn't know any spells.

Dungeon Overview and Level Annotations

Branches:
Dungeon (8/15)             Temple (0/1) D:6
   Lair: D:8-11

Altars:
Cheibriados
Gozag
Kikubaaqudgha
Makhleb
Nemelex Xobeh
Qazlal
Ru
Sif Muna
Trog
Xom

Shops:
D:7 %   D:8 (


Innate Abilities, Weirdness & Mutations

You can breathe blasts of scalding, opaque steam.
Your pale cyan-grey scales are hard. (AC +7)
You cannot fit into any form of body armour.
You are cold-blooded and may be slowed by cold attacks.


Message History

The orc warrior closely misses you. The orc hits you but does no damage.
You slash the orc!
You kill the orc!
Trog accepts your kill.
You hit the orc warrior but do no damage.
The orc warrior hits you with a halberd!
* * * LOW HITPOINT WARNING * * *
You are too injured to fight recklessly!
You are too injured to fight recklessly!
You are too injured to fight recklessly!
You are too injured to fight recklessly!
You are too injured to fight recklessly!
The orc warrior hits you from afar with a halberd!
* * * LOW HITPOINT WARNING * * *
Okay, then.
Okay, then.
As you read the scroll of teleportation, it crumbles to dust.
You feel strangely unstable.
The orc warrior hits you from afar with a halberd!
You die...

######.###########.....######....
.....#...........+.....'....'....
####.#>..........#.....###.##....
#.....#######.......# #.##....
#####.# ##.###### #.##.... #.#
######.#<# #.##.... #.#
#........# #.##....
##'###..))....# #.##....
#.......o.@...# #.######
#......######.## #.# #......#
#..#####.# #......# #.....##.#
#......# #####.##.##.# #......#
#...#..#.##.# #######......#
#...##.#.##.# .....(.......#
#...##.#.##.#
##...........###...##...##.#


You could see an orc warrior.

Vanquished Creatures
  The ghost of SkullSpatter the Skirmisher, a novice HuBe of Trog (D:6)
  A troll (D:8)
  A wyvern (D:8)
  A hungry ghost (D:8)
  2 soldier ants (D:8)
  2 orc warriors
  2 sky beasts
  An ice beast (D:7)
  A phantom (D:7)
  3 ogres
  2 centaurs (D:6)
  2 elf zombies (D:5)
  2 big kobolds (D:6)
  2 bullfrogs
  4 elf skeletons (D:5)
  5 scorpions
  4 wights (D:7)
  A howler monkey (D:5)
  A crimson imp (D:5)
  6 orc priests
  3 hounds
  An iron imp (D:8)
  2 jellies
  A bullfrog skeleton (D:5)
  3 orc wizards
  Jessica (D:3)
  An iguana (D:8)
  7 worker ants
  Terence (D:2)
  A howler monkey zombie (D:7)
  4 adders
  18 gnolls
  3 shadow imps
  An adder zombie (D:6)
  3 worms
  3 dart slugs
  2 leopard geckos
  33 orcs
  A ball python (D:1)
  12 bats
  4 giant cockroaches
  5 goblins
  3 hobgoblins
  2 jackals (D:2)
  12 kobolds
  2 quokkas
  7 frilled lizards
  A jackal zombie (D:5)
  A leopard gecko skeleton (D:4)
  An orc skeleton (D:5)
  4 orc zombies (D:5)
  5 rats
192 creatures vanquished.

Notes
Turn   | Place    | Note
-------+----------+-------------------------------------------
     0 | D:1      | rastarmy the Draconian Berserker began the quest for the Orb.
     0 | D:1      | Reached XP level 1. HP: 19/19 MP: 1/1
   327 | D:1      | Reached XP level 2. HP: 27/27 MP: 2/2
   892 | D:1      | Reached ** piety under Trog
   928 | D:2      | Reached XP level 3. HP: 33/33 MP: 3/3
   999 | D:2      | Reached skill level 4 in Fighting
  1007 | D:2      | Noticed Terence
  1014 | D:2      | Killed Terence
  1052 | D:2      | Found a burning altar of Makhleb.
  1061 | D:2      | Reached XP level 4. HP: 41/41 MP: 4/4
  1203 | D:2      | Reached XP level 5. HP: 24/47 MP: 5/5
  1204 | D:2      | Reached skill level 5 in Fighting
  1737 | D:2      | Reached skill level 5 in Axes
  1933 | D:2      | Found a stormy altar of Qazlal.
  1933 | D:2      | Found a sacrificial altar of Ru.
  1934 | D:2      | Found a deep blue altar of Sif Muna.
  2082 | D:3      | Found a faded altar of an unknown god.
  2221 | D:3      | HP: 2/49 [orc priest/divine providence (12)]
  2222 | D:3      | Reached XP level 6. HP: 2/57 MP: 6/6
  2869 | D:3      | Noticed Jessica
  2920 | D:3      | Reached skill level 6 in Fighting
  2991 | D:3      | Killed Jessica
  3003 | D:3      | Found a deep blue altar of Sif Muna.
  3716 | D:4      | Your scales start taking on a pale cyan-grey colour.
  3716 | D:4      | Reached XP level 7. HP: 64/64 MP: 7/7
  3777 | D:4      | Found a bloodstained altar of Trog.
  3870 | D:4      | Reached *** piety under Trog
  4160 | D:5      | Entered Level 5 of the Dungeon
  4176 | D:5      | Found a shimmering altar of Xom.
  4290 | D:5      | Reached skill level 7 in Fighting
  4692 | D:5      | Reached XP level 8. HP: 41/74 MP: 8/8
  4863 | D:5      | Reached skill level 8 in Fighting
  5311 | D:6      | Found an opulent altar of Gozag.
  5340 | D:6      | Found a staircase to the Ecumenical Temple.
  5378 | D:6      | Reached **** piety under Trog
  5515 | D:6      | Noticed SkullSpatter's ghost (novice HuBe)
  5524 | D:6      | Reached skill level 9 in Fighting
  5536 | D:6      | Killed SkullSpatter's ghost
  5536 | D:6      | Reached XP level 9. HP: 46/85 MP: 9/9
  5588 | D:6      | Received a gift from Trog
  6270 | D:6      | Found an ancient bone altar of Kikubaaqudgha.
  6696 | D:6      | Reached skill level 10 in Fighting
  6946 | D:7      | Found a sparkling altar of Nemelex Xobeh.
  7078 | D:7      | HP: 4/85 [wight/halberd (2)]
  7610 | D:7      | Found Ranguskahac's Food Emporium.
  8557 | D:8      | Found Jititirch's Weapon Shoppe.
  8703 | D:8      | Reached skill level 11 in Fighting
  8703 | D:8      | Reached skill level 10 in Axes
  9370 | D:8      | Noticed a troll
  9381 | D:8      | Killed a troll
  9488 | D:8      | Found a snail-covered altar of Cheibriados.
  9726 | D:8      | Reached XP level 10. HP: 96/96 MP: 10/10
 10185 | D:8      | Reached ***** piety under Trog
 10315 | D:6      | Mangled by an orc warrior

Skill      XL: |  1  2  3  4  5  6  7  8  9 |
---------------+----------------------------+-----
Fighting       | 4 5 6 7 9 11 | 11.6
Axes           | 4 5 6 7 8 10 | 10.5
Dodging        | 3 |  3.6

Action                   |  1- 3 |  4- 6 |  7- 9 | 10-12 || total
-------------------------+-------+-------+-------+-------++-------
Melee: Hand axe          |    97 |   139 |   531 |    80 ||   847
       Tailslap          |    11 |    18 |   108 |    20 ||   157
Invok: Berserk           |     2 |     4 |    13 |     3 ||    22
       Trog's Hand       |       |       |     1 |       ||     1
 Abil: Breathe Steam     |       |       |     2 |       ||     2
  Use: Scroll            |     5 |       |     3 |     1 ||     9
 Stab: Sleeping          |       |       |     2 |       ||     2
  Eat: Chunk             |     2 |     8 |    15 |     4 ||    29
       Pizza             |       |     1 |       |       ||     1
       Beef jerky        |       |     1 |     1 |       ||     2
       Bread ration      |       |       |     4 |       ||     4
Armor: Skin              |    36 |    20 |   113 |    11 ||   180
Dodge: Dodged            |    82 |    89 |   266 |    40 ||   477
